 Dungeon Crawl Stone Soup version 0.29-a0-542-g075992c915 (webtiles) character file.

Game seed: 1123659969637100283

58 Borgoz the Skirmisher (level 4, 0/29 HPs)
             Began as a Gargoyle Berserker on June 4, 2022.
             Was a Believer of Trog.
             Slain by Grinder (7 damage)
             ... while paralysed by Grinder
             ... on level 3 of the Dungeon.
             The game lasted 00:03:27 (2321 turns).

Borgoz the Skirmisher (Gargoyle Berserker)          Turns: 2321, Time: 00:03:28

Health: 0/29       AC:  7    Str: 21    XL:     4   Next: 1%
Magic:  4/4        EV:  2    Int:  7    God:    Trog [**....]
Gold:   41         SH:  0    Dex: 11    Spells: 3/3 levels left

rFire   . . .      SeeInvis .   m - +0 flail
rCold   . . .      Faith    .   (no shield)
rNeg    + . .      Spirit   .   b - +0 animal skin
rPois   ∞          Reflect  .   (no helmet)
rElec   +          Harm     .   (no cloak)
rCorr   .          Rampage  .   j - +1 pair of gloves
Will    .....                   (no boots)
Stlth   +.........              (no amulet)
HPRegen 0.09/turn               (no ring)
MPRegen 0.09/turn               (no ring)

@: paralysed, on berserk cooldown, slowed
A: sickness immunity, AC +3, negative energy resistance 1, electricity
resistance, torment resistance 1, petrification resistance
a: Renounce Religion, Berserk, Trog's Hand


You were on level 3 of the Dungeon.
You worshipped Trog.
Trog was pleased with you.
You visited 1 branch of the dungeon, and saw 3 of its levels.

You collected 41 gold pieces.

Inventory:

Hand Weapons
 m - a +0 flail (weapon)
Armour
 b - a +0 animal skin (worn)
 j - a +1 pair of gloves (worn)
 l - a scarf of invisibility
Wands
 a - a wand of paralysis (11)
Scrolls
 e - 2 scrolls of teleportation
 k - a scroll of enchant armour
Potions
 c - 2 potions of flight {unknown}
 d - a potion of berserk rage {unknown}
 f - 2 potions of curing {unknown}
 g - a potion of mutation {unknown}
 h - a potion of attraction {unknown}
 i - a potion of resistance {unknown}


   Skills:
 + Level 3.8 Fighting
 + Level 3.5 Maces & Flails
 + Level 2.9 Armour
 + Level 2.1 Dodging


You had 3 spell levels left.
You didn't know any spells.
Your spell library was empty.

Dungeon Overview and Level Annotations

Branches:
Dungeon (3/15)

Altars:

Annotations:
D:3 Grinder


Innate Abilities, Weirdness & Mutations

You are immune to sickness and miasma.
Your stone body is resilient. (AC +3)
You are immune to poison.
You resist negative energy. (rN+)
You are resistant to electric shocks. (rElec)
You are resistant to unholy torment.
You are immune to petrification.


Message History

Grinder is moderately wounded.
Grinder barely misses you.
You're still recovering from your berserk rage.
You hit Grinder.
Grinder is moderately wounded.
You recover from your berserk rage.
Grinder blinks!
Okay, then.
Grinder blinks!
Grinder gestures at you.
You suddenly lose the ability to move!
Grinder blinks!
You can move again.
Unknown command.
You start resting.
Grinder is nearby!
A red film seems to cover your vision as you go berserk!
You feel yourself moving faster!
You feel mighty!
Grinder blinks!
You feel a strong urge to attack something.
Grinder blinks!
You feel your anger nearly subside.
You are no longer berserk.
You are exhausted.
You feel yourself slow down. Grinder barely misses you.
You thump Grinder!
Grinder is heavily wounded.
Grinder says, "My boss said I was rubbish.
His entrails said otherwise."
Grinder hits you!
You writhe in agony.
You barely miss Grinder.
Grinder is heavily wounded.
Grinder blinks!
Grinder gestures at you.
You suddenly lose the ability to move!
Grinder hits you!
* * * LOW HITPOINT WARNING * * *
You writhe in agony.
* * * LOW HITPOINT WARNING * * *
Grinder hits you but does no damage. Grinder hits you!
You die...

##....#..).........#######
...#..#....#######.......#
#####......^#########....#
###......##.......####
###............##
###.###.........#
#...............# #
#...............#
....##.....@.........#####
..5........5.............#
....##............>..#####
... #...............#
#######.........#
#.........# #.........#
##.......## ##.....##


You could see Grinder.

Vanquished Creatures
  An adder (D:2)
  3 dart slugs
  3 ball pythons
  3 endoplasms
  2 giant cockroaches
  4 goblins (D:2)
  4 hobgoblins
  10 kobolds
  A quokka (D:2)
  3 bats (D:2)
  A frilled lizard (D:1)
  7 rats
42 creatures vanquished.

Notes
Turn   | Place    | Note
-------+----------+-------------------------------------------
     0 | D:1      | Borgoz the Gargoyle Berserker began the quest for the Orb.
     0 | D:1      | Reached XP level 1. HP: 14/14 MP: 1/1
    41 | D:1      | Found a faded altar of an unknown god.
   411 | D:1      | Reached XP level 2. HP: 19/19 MP: 2/2
  1215 | D:2      | Reached XP level 3. HP: 23/23 MP: 3/3
  1381 | D:2      | Reached ** piety under Trog
  2222 | D:3      | Reached XP level 4. HP: 29/29 MP: 4/4
  2258 | D:3      | Noticed Grinder
  2278 | D:3      | Paralysed by Grinder for 4 turns
  2286 | D:3      | Paralysed by Grinder for 5 turns
  2302 | D:3      | Paralysed by Grinder for 3 turns
  2319 | D:3      | Paralysed by Grinder for 3 turns
  2321 | D:3      | Slain by Grinder

Illustrated notes

Levels and vault maps discovered:
D:1:      sevenhm_arrival_forest_fort_small_5, layout_basic,
          hellmonk_ecumenical_altar_arch_garden
D:2:      layout_basic, mrwooster_statue_mirror
D:3:      layout_rooms, portal_sewer_entry_f, hangedman_decor_opposing,
          uniq_grinder

Skill      XL: |  1  2  3 |
---------------+----------+-----
Dodging        | 2 |  2.1
Fighting       | |  3.8
Maces & Flails | |  3.5
Armour         | |  2.9

Action                   |  1- 3 |  4- 6 || total
-------------------------+-------+-------++-------
Melee: Mace              |    86 |       ||    86
       Punch             |     1 |     1 ||     2
       Flail             |    19 |     9 ||    28
Invok: Berserk           |       |     2 ||     2
       Trog's Hand       |       |     1 ||     1
  Use: Scroll            |     6 |       ||     6
 Stab: Sleeping          |     1 |       ||     1
Armor: Animal skin       |    32 |     3 ||    35
Dodge: Dodged            |    69 |     6 ||    75

Table legend: (Time is in decaauts)
 A = Elapsed time spent in this place.
 B = Non-inter-level travel time spent in this place.
 C = Inter-level travel time spent in this place.
 D = Time resting spent in this place.
 E = Time spent auto-exploring this place.
 F = Levels seen in this place.
 G = Mean time per level.
                   A        B        C        D        E       F      G
               +--------+--------+--------+--------+--------+-----+--------+
         Total |   2366 |   2302 |     64 |    506 |   1402 |   3 |  788.7 |
       Dungeon |   2366 |   2302 |     64 |    506 |   1402 |   3 |  788.7 |
               +--------+--------+--------+--------+--------+-----+--------+

Top non-repeatable levels by time:
     D:1: 1193 daAuts
     D:2: 945 daAuts
     D:3: 227 daAuts
